AoeStats
← chenya_ko

Arabia

505590611Analyzed
1v1 RM · 24d ago on Sep 10, 2026· 35m 44s· 2 players
Game mode
Random Map
Map size
Tiny (2 player)
Population
200
Speed
Normal
Resources
Standard
Victory
Conquest
Starting age
Dark Age
Ending age
Imperial Age
RankedLock teamsTeams togetherTeam positionsShared explorationLock speedFull tech treeHidden civsTurbo modeCheats
Victory
Defeat
🇹🇼 Japanese · Taiwan
1079
+16
🇵🇪 Mongols · Peru
1089
-16
chenya_ko
2:03 Loom
9:42 Feudal Age
9:55 Man-at-Arms
18:50 Fletching
21:53 Wheelbarrow
25:16 Castle Age
23:32 Double-Bit Axe
23:32 Horse Collar
23:44 Gold Mining
23:47 Arson
24:07 Scale Mail Armor
25:46 Forging
25:46 Padded Archer Armor
25:24 Elite Skirmisher
25:28 Long Swordsman
25:54 Gambesons
26:38 Squires
28:10 Iron Casting
29:15 Chain Mail Armor
30:19 Town Watch
30:35 Bodkin Arrow
33:00 Gold Shaft Mining
34:08 Leather Archer Armor
34:27 Pikeman
Jotafut7
6:17 Loom
9:35 Feudal Age
10:13 Double-Bit Axe
24:14 Castle Age
22:50 Forging
23:21 Bloodlines
23:46 Scale Barding Armor
25:46 Iron Casting
Connection lost

Rejoining the realm…

Still unreachable

The connection could not be restored.

Session expired

The server has moved on; the page needs a fresh start.